 Dungeon Crawl Stone Soup version 0.32-a0-913-g739538afd8 (webtiles) character file.

Game seed: 17926030856268096892

199 Kawaii the Shooter (level 5, -2/26 HPs)
             Began as a Spriggan Hunter on Apr 9, 2024.
             Killed from afar by Natasha (10 damage)
             ... with a puff of flame
             ... on level 3 of the Dungeon.
             The game lasted 00:04:44 (2668 turns).

Kawaii the Shooter (Spriggan Hunter)                Turns: 2668, Time: 00:04:45

Health: -2/26      AC:  2    Str:  7    XL:     5   Next: 48%
Magic:  0/8        EV: 17    Int: 11    God:
Gold:   109        SH:  0    Dex: 20    Spells: 7/7 levels left

rFire   . . .        a - +0 orcbow
rCold   . . .        (shield currently unavailable)
rNeg    . . .        c - +0 robe
rPois   .            (helmet restricted)
rElec   .            (no cloak)
rCorr   .            (gloves unavailable)
SInv    +            (boots unavailable)
Will    +....        q - amulet of guardian spirit
Stlth   ++           h - ring of willpower
HPRegen 0.24/turn    (no ring)
MPRegen 0.11/turn

%: guardian spirit
@: very quick
A: very small, no large weapons, unfitting armour, see invisible, speed 3
a: no special abilities


You were on level 3 of the Dungeon.
You visited 1 branch of the dungeon, and saw 3 of its levels.

You collected 109 gold pieces.

Inventory:

Hand Weapons
 a - a +0 orcbow (weapon)
 k - a +0 shortbow
Missiles
 d - 6 poisoned darts (quivered)
 x - a throwing net
Armour
 c - a +0 robe (worn)
Jewellery
 h - a ring of willpower (left hand)
 m - a ring of ice
 q - an amulet of guardian spirit (around neck)
 v - an amulet of the acrobat
Scrolls
 j - a scroll of fog {unknown}
 l - a scroll of enchant armour {unknown}
 n - a scroll of noise {unknown}
 o - a scroll of blinking {unknown}
 u - a scroll of teleportation {unknown}
 w - a scroll of vulnerability {unknown}
 y - a scroll of immolation {unknown}
Potions
 e - 2 potions of lignification {unknown}
 f - a potion of ambrosia {unknown}
 g - 2 potions of mutation {unknown}
 i - 4 potions of curing {unknown}
 p - a potion of resistance {unknown}
 r - a potion of berserk rage {unknown}
 s - a potion of attraction {unknown}
 t - a potion of degeneration {unknown}


   Skills:
 + Level 2.2 Fighting
 + Level 6.0 Ranged Weapons
 * Level 1.5 Throwing
 - Level 2.6 Dodging
 - Level 1.5 Stealth
 * Level 1.6 Spellcasting


You had 7 spell levels left.
You didn't know any spells.
Your spell library contained the following spells:

 Spells                   Type           Power      Damage    Failure   Level
 Passwall                 Erth           0%         N/A       67%         3
 Volatile Blastmotes      Fire/Tloc      0%         2d10      67%         3
 Vhi's Electric Charge    Tloc/Air       0%         N/A       97%         4
 Bombard                  Conj/Erth      0%         9d1       100%        6


Dungeon Overview and Level Annotations

Branches:
Dungeon (3/15)

Altars:
Makhleb

Annotations:
D:1 exclusion: downstairs
D:3 Jessica, Natasha


Innate Abilities, Weirdness & Mutations

You are very small and have problems with some larger weapons.
You are too small for most types of armour.
You have supernaturally acute eyesight. (SInv)
You cover ground extremely quickly. (Speed+++)


Message History

You shoot an arrow. The arrow hits Natasha!
Natasha is heavily wounded.
Natasha zaps a wand.
The puff of flame hits you!
You shoot an arrow. The arrow hits Natasha!
You kill Natasha!
Natasha screams in pain as she dies!
Your Ranged Weapons skill increases to level 6!
Unknown command.
No target in view!
No target in view!
Natasha, Servant of Life and Death comes into view.
She is carrying a wand of flame.
You shoot an arrow. The arrow closely misses Natasha.
Natasha zaps a wand.
The puff of flame hits you!
You shoot an arrow. The arrow hits Natasha.
Natasha is lightly wounded.
You shoot an arrow. The arrow barely misses Natasha.
Unknown command.
You shoot an arrow. The arrow closely misses Natasha.
Natasha zaps a wand.
The puff of flame hits you!
* * * LOW HITPOINT WARNING * * *
You are too injured to fight recklessly!
Unknown command.
You are too injured to fight recklessly!
You are too injured to fight recklessly!
Unknown command.
You aren't carrying any items that you can evoke.
Unknown command.
As you read the scroll of butterflies, it crumbles to dust.
You hear the flapping of tiny wings.
Natasha claws your butterfly!
Your butterfly dies!
Your butterfly disappears in a burst of colours!
Unknown command.
You swap places.
Natasha misses your butterfly.
Jessica the Apprentice Sorceress comes into view.
She is wielding a +0 dagger and carrying a wand of flame.
A goblin comes into view. It is wielding a +0 club.
Jessica shouts!
The goblin shouts!
You swap places.
Natasha zaps a wand.
The puff of flame hits you!
You die...
Natasha curls up and begins to purr.

♣.. .# ♣.. #######.# ♣..
#........♣ ♣♣ ♣..
#............. #..
#...b.b.......##..
#........ß........
#######......b..........
.......@.....ß..bß......
..........##bb..b.......
........bbh....bb.b#...(
.......bbb#b...h........
....b..b..##bß.bbß......
....b....b###..b.b......
...............ß..b.....
.....@..b.#####.bb......
..........# #..b...###


You could see Natasha (ally target) and Jessica.

Vanquished Creatures
  Natasha (twice) (D:3)
  4 adders
  4 gnolls (D:3)
  A dart slug (D:1)
  2 ribbon worms (D:3)
  A ball python (D:1)
  10 endoplasms
  5 giant cockroaches (D:1)
  4 jackals (D:1)
  9 kobolds
  6 quokkas
  5 bats
  2 frilled lizards
  6 goblins
  8 rats
69 creatures vanquished.

Notes
Turn   | Place    | Note
-------+----------+-------------------------------------------
     0 | D:1      | Kawaii the Spriggan Hunter began the quest for the Orb.
     0 | D:1      | Reached XP level 1. HP: 10/10 MP: 2/2
   141 | D:1      | Reached XP level 2. HP: 14/14 MP: 3/3
   362 | D:1      | Reached XP level 3. HP: 18/18 MP: 4/4
   419 | D:1      | Reached skill level 5 in Ranged Weapons
  1120 | D:2      | Found a faded altar of an unknown god.
  1255 | D:2      | Found a burning altar of Makhleb.
  1794 | D:2      | Found a burning altar of Makhleb.
  1873 | D:2      | Found a faded altar of an unknown god.
  2227 | D:3      | Reached XP level 4. HP: 23/23 MP: 5/5
  2373 | D:3      | Noticed Natasha
  2376 | D:3      | Killed Natasha
  2377 | D:3      | Reached skill level 1 in Throwing
  2377 | D:3      | Reached skill level 1 in Spellcasting
  2555 | D:3      | Reached XP level 5. HP: 26/26 MP: 7/7
  2636 | D:3      | Noticed Natasha
  2645 | D:3      | Killed Natasha
  2646 | D:3      | Reached skill level 6 in Ranged Weapons
  2653 | D:3      | Noticed Natasha
  2661 | D:3      | Noticed Jessica
  2668 | D:3      | Killed from afar by Natasha

Illustrated notes

Levels and vault maps discovered:
D:1:      saegor_arrival_simple_d, layout_basic, st_stairs_1,
          minmay_misc_feat_plants
D:2:      layout_loops_ring, basic_altar,
          shapermc_ecumenical_altar_mp_ritualfount, grunt_ministairs_1
D:3:      layout_basic, mainiacjoe_overflow_six_doors_small, grunt_ministairs_2,
          st_stairs_4, kennysheep_nub, uniq_jessica, uniq_natasha

Skill      XL: |  1  2  3  4  5 |
---------------+----------------+-----
Ranged Weapons | 5 6 |  6.0
Fighting       | 2 |  2.2
Throwing       | 1 |  1.5
Spellcasting   | 1 |  1.6
Dodging        | |  2.6
Stealth        | |  1.5

Action                     |  1- 3 |  4- 6 || total
---------------------------+-------+-------++-------
   Fire: Shortbow          |    79 |       ||    79
         Orcbow            |    52 |    71 ||   123
  Throw: Dart              |     6 |       ||     6
    Use: Scroll            |       |     1 ||     1
 Armour: Robe              |    24 |    10 ||    34
  Dodge: Dodged            |    68 |    11 ||    79

Table legend: (Time is in decaauts)
 A = Elapsed time spent in this place.
 B = Non-inter-level travel time spent in this place.
 C = Inter-level travel time spent in this place.
 D = Time resting spent in this place.
 E = Time spent auto-exploring this place.
 F = Levels seen in this place.
 G = Mean time per level.
                   A        B        C        D        E       F      G
               +--------+--------+--------+--------+--------+-----+--------+
         Total |   1793 |   1692 |    101 |     54 |   1218 |   3 |  597.7 |
       Dungeon |   1793 |   1692 |    101 |     54 |   1218 |   3 |  597.7 |
               +--------+--------+--------+--------+--------+-----+--------+

Top non-repeatable levels by time:
     D:2: 814 daAuts
     D:1: 631 daAuts
     D:3: 347 daAuts
